 Dungeon Crawl Stone Soup version 0.32-a0-938-g40ac7a0f4d (webtiles) character file.

Game seed: 15686276134858350639

473 retardedninja the Trooper (level 7, -5/56 HPs)
             Began as a Coglin Fighter on Apr 15, 2024.
             Slain by Edmund
             ... wielding a +5 flail of protection
              (8 damage)
             ... on level 6 of the Dungeon.
             The game lasted 00:02:42 (1006 turns).

retardedninja the Trooper (Coglin Fighter)          Turns: 1006, Time: 00:02:42

Health: -5/56      AC:  7    Str: 19    XL:     7   Next: 10%
Magic:  7/7        EV:  8    Int:  7    God:
Gold:   105        SH:  0    Dex: 13    Spells: 6/6 levels left

rFire   . . .        a - +0 war axe {Ikko}
rCold   . . .        l - +1 hand axe (elec) {María}
rNeg    . . .        b - +0 scale mail
rPois   .            (no helmet)
rElec   .            (no cloak)
rCorr   .            (no gloves)
SInv    .            (no boots)
Will    .....        (amulet unavailable) Stlth
                     (ring unavailable)
HPRegen 0.29/turn    (ring unavailable)
MPRegen 0.10/turn    (no gizmo)

%: no passive effects
@: revved
A: off-hand wielding, slow wielding, warmup strikes, no jewellery
a: Invent Gizmo


You were on level 6 of the Dungeon.
You visited 1 branch of the dungeon, and saw 7 of its levels.

You collected 105 gold pieces.

Inventory:

Hand Weapons
 a - a +0 war axe (weapon) {Ikko}
 l - a +1 hand axe of electrocution (offhand) {María}
Armour
 b - a +0 scale mail (worn)
 c - a +0 buckler
Scrolls
 f - 2 scrolls of poison {unknown}
 g - a scroll of immolation {unknown}
 j - a scroll of identify {unknown}
Potions
 d - a potion of might
 e - a potion of mutation {unknown}
 i - a potion of cancellation {unknown}
 k - a potion of enlightenment {unknown}


   Skills:
 * Level 5.4 Fighting
 * Level 4.8 Axes
 + Level 3.9 Armour
 - Level 2.2 Shields


You had 6 spell levels left.
You didn't know any spells.
Your spell library contained the following spells:

 Spells                   Type           Power      Damage    Failure   Level
 Stone Arrow              Conj/Erth      0%         3d7       99%         3
 Animate Armour           Summ/Erth      0%         N/A       100%        4
 Alistair's Intoxication  Alch           0%         N/A       100%        5
 Borgnjor's Vile Clutch   Necr/Erth      0%         N/A       100%        5
 Eringya's Noxious Bog    Alch           0%         4d6       100%        6
 Lehudib's Crystal Spear  Conj/Erth      0%         10d2      100%        8


Dungeon Overview and Level Annotations

Branches:
Dungeon (7/15)
 Temple: D:4-7

Altars:

Shops:
D:4 *

Portals:
Ossuary: D:6

Annotations:
D:6 Edmund


Innate Abilities, Weirdness & Mutations

You can wield a second weapon in your off-hand.
It takes a long time for you to wield or remove held weapons.
Your first few attacks do less damage.
You cannot equip rings or amulets.


Message History

Found a sand-covered staircase.
You feel sick.
You are no longer poisoned.
Edmund hits you with a +5 flail of protection.
There is an open door here.
You closely miss Edmund with your +1 hand axe of electrocution.
You hit Edmund with your +0 war axe. Edmund misses you.
You barely miss Edmund with your +1 hand axe of electrocution.
Edmund is lightly wounded.
You barely miss Edmund with your +0 war axe.
Edmund hits you with a +5 flail of protection.
* * * LOW HITPOINT WARNING * * *
You closely miss Edmund with your +1 hand axe of electrocution.
Edmund is lightly wounded.
You hit Edmund with your +0 war axe. Edmund barely misses you.
Edmund closely misses you.
You closely miss Edmund with your +1 hand axe of electrocution.
Edmund is lightly wounded.
You barely miss Edmund with your +0 war axe.
Edmund hits you with a +5 flail of protection.
* * * LOW HITPOINT WARNING * * *
It was a potion of curing.
You feel better.
Edmund hits you with a +5 flail of protection!
* * * LOW HITPOINT WARNING * * *
Okay, then.
You hit Edmund but do no damage.
Edmund is lightly wounded.
You hit Edmund but do no damage.
Edmund hits you with a +5 flail of protection.
* * * LOW HITPOINT WARNING * * *
You hit Edmund with your +1 hand axe of electrocution.
Edmund is moderately wounded.
You hit Edmund but do no damage.
Edmund hits you with a +5 flail of protection!
* * * LOW HITPOINT WARNING * * *
You hit Edmund but do no damage. Lightning courses through Edmund!
Edmund is heavily wounded.
You barely miss Edmund with your +0 war axe.
Edmund hits you with a +5 flail of protection!
You die...
Edmund whines, "They better pay attention to me now!"

#.# ### #.# #.. #.# #.>
#.# .. ... ### #####
##.# #...#...##.##†#
#.∩.#.>.##.##.##########
#..@#...............
####@####?#########.
#.......# #.....[.
..............##.###...
#############.# #... ...
#... #### #... #... #...


You could see Edmund.

Vanquished Creatures
  An ice beast (D:6)
  A sky beast (D:7)
  A scorpion (D:6)
  2 howler monkeys
  A quasit (D:7)
  An orc wizard (D:5)
  An adder (D:4)
  A gnoll (D:2)
  A shadow imp (D:7)
  4 white imps
  3 ufetubi (D:7)
  A dart slug (D:4)
  4 orcs (D:5)
  A ball python (D:2)
  2 endoplasms
  2 giant cockroaches
  A hobgoblin (D:4)
  4 jackals (D:4)
  2 bats (D:2)
  A frilled lizard (D:2)
  A kobold (D:3)
  2 rats (D:2)
38 creatures vanquished.

Notes
Turn   | Place    | Note
-------+----------+-------------------------------------------
     0 | D:1      | retardedninja the Coglin Fighter began the quest for the
                  | Orb.
     0 | D:1      | Reached XP level 1. HP: 18/18 MP: 1/1
   137 | D:2      | Reached XP level 2. HP: 14/24 MP: 2/2
   389 | D:3      | Noticed a howler monkey
   394 | D:3      | Killed a howler monkey
   395 | D:3      | Reached XP level 3. HP: 30/30 MP: 3/3
   457 | D:4      | Reached XP level 4. HP: 35/37 MP: 4/4
   471 | D:4      | Identified the ring of the Amoeba {rC+ Int+2}
   481 | D:4      | Found Kijeo's Assorted Antiques.
   501 | D:5      | Entered Level 5 of the Dungeon
   509 | D:5      | Reached skill level 4 in Fighting
   545 | D:6      | Reached XP level 5. HP: 38/42 MP: 5/5
   583 | D:6      | Noticed an ogre
   610 | D:7      | Noticed a sky beast
   622 | D:7      | Killed a sky beast
   623 | D:7      | Reached XP level 6. HP: 23/49 MP: 6/6
   888 | D:6      | Identified the +1 whip of Premature Burial {venom, rElec
                  | Will- Int+5}
   900 | D:6      | Noticed an ice beast
   904 | D:6      | Killed an ice beast
   905 | D:6      | Reached skill level 5 in Fighting
   986 | D:6      | Noticed Edmund
   986 | D:6      | Noticed a black bear
   989 | D:6      | Reached XP level 7. HP: 51/56 MP: 7/7
   997 | D:6      | Found a sand-covered staircase.
  1005 | D:6      | HP: 2/56 [Edmund/+5 flail of protection (8)]
  1006 | D:6      | Slain by Edmund

Illustrated notes

Levels and vault maps discovered:
D:1:      lightli_molten_gateway, layout_loops_ring, supply_closet_lemuel
D:2:      layout_basic, serial_shops, shop, serial_glass, glass_columns_a,
          glass_columns_a, st_stairs_5, amcnicky_mini_pool_small,
          uniq_crazy_yiuf_cottage
D:3:      layout_loops_cross
D:4:      minmay_goblin_kobold_castle, layout_rooms, okawaru_altar_gauntlet_db,
          temple_hall, serial_shops, shop
D:5:      layout_basic, serial_shops, shop, nicolae_shop_real_fake_doors,
          nicolae_shop_waterfront, nicolae_shop_crystal, uniq_pikel, uniq_ijyb
D:6:      layout_basic, nicolae_ossuary_entry_false_entrances, uniq_edmund
D:7:      layout_loops_ring, serial_demonic, serial_demonic_b, serial_demonic_d,
          serial_demonic_a, serial_demonic_b, serial_demonic_f,
          serial_demonic_a, corexii_item_surrounded_by_moat

Skill      XL: |  1  2  3  4  5  6 |
---------------+-------------------+-----
Armour         | 3 |  3.9
Axes           | 3 4 |  4.8
Fighting       | 4 5 |  5.4
Shields        | |  2.2

Action                     |  1- 3 |  4- 6 |  7- 9 || total
---------------------------+-------+-------+-------++-------
  Melee: War axe           |    41 |    49 |     7 ||    97
         Flail             |     4 |    13 |       ||    17
         Hand axe          |       |    34 |     7 ||    41
    Use: Potion            |       |       |     1 ||     1
 Armour: Scale mail        |    42 |    55 |    11 ||   108
  Dodge: Dodged            |    25 |    36 |     3 ||    64
  Block: Buckler           |    11 |       |       ||    11

Table legend: (Time is in decaauts)
 A = Elapsed time spent in this place.
 B = Non-inter-level travel time spent in this place.
 C = Inter-level travel time spent in this place.
 D = Time resting spent in this place.
 E = Time spent auto-exploring this place.
 F = Levels seen in this place.
 G = Mean time per level.
                   A        B        C        D        E       F      G
               +--------+--------+--------+--------+--------+-----+--------+
         Total |   1036 |   1036 |      0 |    134 |    536 |   7 |  148.0 |
       Dungeon |   1036 |   1036 |      0 |    134 |    536 |   7 |  148.0 |
               +--------+--------+--------+--------+--------+-----+--------+

Top non-repeatable levels by time:
     D:2: 265 daAuts
     D:7: 241 daAuts
     D:6: 236 daAuts
     D:3: 148 daAuts
     D:4: 54 daAuts
     D:1: 52 daAuts
     D:5: 37 daAuts
